Map: King's Cove LE

Players

scifcha

  • Race: Protoss Protoss
  • League: Platinum
  • Spawn Location: 11:00

strangeR - Winner!

  • Race: Zerg Zerg
  • League: Platinum
  • Spawn Location: 5:00

VOD

Have the link to the VOD?

Description

Time

  • Played on: March 6, 2019, 7:06 a.m.
  • Length: 9:05
Show
View Real Time Build Order
Export as new Build Order

scifcha Protoss 

Build Orders: 1 Gate Expand, Double Forge, Zealot Archon 

Get SALT Encoding   

  1  0:00  Probe  
  12  0:05  Probe  
  14  0:15  Probe  
  15  0:23  Pylon  
  15  0:41  Gateway, Probe  
  16  0:45  Assimilator  
  16  0:52  Probe  
  17  1:00  Probe  
  17  1:08  Probe  
  19  1:19  Probe  
  20  1:31  Nexus  
  20  1:32  Probe  
  21  1:44  Cybernetics Core  
  21  1:54  Pylon  
  21  2:03  Pylon, Probe  
  22  2:16  Probe  
  22  2:21  Twilight Council  
  23  2:26  Stalker  
  23  2:28  Probe  
  26  2:35  Gateway  
  26  2:40  Probe  
  26  2:41  Assimilator  
  27  2:47  Probe  
  28  2:55  Probe  
  28  3:01  Stalker, Probe  
  28  3:04  Probe  
  32  3:09  Probe  
  33  3:15  Warp Gate  
  33  3:16  Probe  
  33  3:17  Gateway  
  35  3:34  Templar Archives  
  35  3:39  Zealot  
  39  3:42  Stalker  
  39  3:46  Probe  
  39  3:47  Pylon  
  40  3:51  Pylon  
  40  3:56  Assimilator  
  40  3:58  Probe  
  40  3:59  Probe  
  42  4:06  Charge  
  42  4:10  Probe  
  42  4:11  Stalker, Probe  
  46  4:22  Probe  
  46  4:23  Probe, Assimilator  
  48  4:33  Forge  
  48  4:35  Probe x2  
  50  4:41  Forge  
  50  4:45  Probe  
  50  4:48  Probe  
  52  4:53  Probe  
  53  5:01  Probe, Psionic Storm  
  53  5:03  Gateway  
  54  5:08  Protoss Ground Weapons Level 1  
  54  5:13  Probe  
  55  5:14  Protoss Ground Armor Level 1  
  55  5:17  Pylon  
  55  5:19  High Templar  
  55  5:20  Zealot x2  
  61  5:25  Probe  
  61  5:44  Gateway  
  61  5:48  High Templar  
  61  5:49  Gateway  
  63  5:50  High Templar  
  63  5:54  Archon  
  65  6:02  Zealot x2  
  69  6:10  Nexus  
  69  6:18  Robotics Facility  
  69  6:21  Robotics Facility  
  69  6:23  High Templar  
  71  6:27  High Templar  
  71  6:31  Archon  
  73  6:32  Zealot  
  73  6:33  Zealot  
  77  6:47  Pylon  
  77  6:53  High Templar  
  78  6:58  Pylon  
  78  7:01  Pylon  
  78  7:04  Pylon  
  78  7:05  Pylon  
  78  7:12  Photon Cannon  
  78  7:13  Warp Prism  
  78  7:15  Immortal  
  84  7:27  Zealot x4  
  92  7:30  Zealot  
  94  7:37  Zealot  
  96  7:54  Photon Cannon  
  96  7:56  Photon Cannon  
  64  8:16  Zealot  
  64  8:17  Zealot x3  
  64  8:18  Zealot  
  60  8:20  Shield Battery  
  60  8:22  Shield Battery  
  60  8:23  Photon Cannon  
  60  8:24  Zealot  
  62  8:39  High Templar x2  
  62  8:40  High Templar x2  
  74  8:46  Archon x2  
Show
View Real Time Build Order
Export as new Build Order

strangeR Zerg - Winner!

Build Orders: Hatch First 

Get SALT Encoding   

  12  0:01  Drone  
  13  0:13  Overlord  
  13  0:21  Drone  
  14  0:31  Drone x2  
  16  0:36  Drone  
  17  0:47  Drone  
  18  0:58  Hatchery  
  18  1:00  Drone  
  18  1:06  Extractor  
  17  1:17  Spawning Pool  
  16  1:19  Drone  
  16  1:22  Drone  
  18  1:30  Drone  
  19  1:40  Overlord  
  19  1:52  Drone  
  20  2:02  Drone  
  20  2:04  Queen  
  23  2:14  Queen  
  25  2:15  Drone  
  25  2:16  Drone  
  27  2:24  Zergling x4  
  29  2:36  Drone x2  
  31  2:43  Queen  
  33  2:45  Overlord  
  33  2:48  Drone  
  33  2:50  Queen  
  36  2:51  Metabolic Boost  
  36  3:04  Drone x2  
  36  3:05  Drone  
  39  3:06  Drone  
  40  3:16  Drone x2  
  40  3:17  Drone x2  
  44  3:22  Overlord  
  44  3:26  Spore Crawler  
  43  3:27  Spore Crawler  
  43  3:29  Drone  
  43  3:42  Overlord  
  43  3:44  Drone x2  
  45  3:48  Hatchery  
  45  3:55  Extractor  
  43  3:56  Extractor  
  43  3:57  Drone x2  
  44  4:09  Overlord, Drone x4  
  48  4:10  Overlord  
  48  4:11  Drone x2  
  48  4:16  Lair  
  50  4:24  Drone x4  
  54  4:42  Roach Warren  
  54  4:43  Overlord x2  
  54  4:44  Evolution Chamber  
  52  4:48  Drone x3  
  55  5:04  Drone x5  
  55  5:05  Drone x3  
  63  5:14  Overlord x2  
  63  5:18  Drone x2  
  65  5:25  Zerg Missile Weapons Level 1  
  65  5:26  Glial Reconstitution  
  65  5:33  Drone x4  
  69  5:48  Drone x3  
  69  5:49  Roach x7  
  86  6:00  Overlord, Drone x2  
  88  6:04  Overseer  
  88  6:06  Overseer  
  88  6:09  Ravager  
  89  6:13  Roach  
  89  6:14  Roach x5  
  101  6:20  Extractor  
  101  6:22  Roach  
  101  6:23  Roach x3  
  108  6:30  Hatchery  
  108  6:32  Roach x3  
  113  6:45  Roach x4  
  121  6:47  Overlord  
  121  6:48  Overlord x5  
  121  6:59  Hydralisk Den  
  121  7:01  Roach, Infestation Pit  
  121  7:07  Roach x8  
  121  7:08  Roach  
  138  7:25  Overlord x3  
  138  7:34  Grooved Spines  
  138  7:36  Hatchery  
  137  7:46  Roach x12  
  137  7:47  Roach  
  163  8:03  Hydralisk x3  
  166  8:11  Drone x3  
  166  8:12  Roach  
  151  8:13  Roach x4  
  155  8:33  Roach  
  165  8:34  Roach x4  
  165  8:39  Overlord x2  
  165  8:40  Overlord  
  161  8:50  Extractor  
  161  8:51  Drone x2  
  161  8:53  Extractor  
Tags
 
Add a new tag
Caveats
  • Supply blocks, unpowered buildings, or Contaminate may cause inaccurate times.
  • Supply counts are checked every 10 seconds.